 Dungeon Sprint DCSS version 0.29-a0-22-gbf593b16ee (webtiles) character file.

Game seed: 14478174387291517952

38581 mhtbhm the Bludgeoner (level 13, -6/158 HPs)
             Began as a Troll Berserker on Jan 29, 2022.
             Was the Champion of Trog.
             Mangled by a ghost moth (17 damage)
             ... called by a spriggan druid
             ... in the Dungeon (Sprint IX: "|||||||||||||||||||||||||||||").
             The game lasted 00:09:32 (4318 turns).

mhtbhm the Bludgeoner (Troll Berserker)             Turns: 4318, Time: 00:09:33

Health: -6/158     AC: 13    Str: 35      XL:     13   Next: 64%
Magic:  0/12       EV: 12    Int:  1 (3)  God:    Trog [******]
Gold:   748        SH:  0    Dex:  8 (9)  Spells: 12/12 levels left

rFire   + + .      SeeInvis +   a - +9 dire flail of Nacom {flame, rF++ rN+}
rCold   . . .      Faith    .   (shield currently unavailable)
rNeg    + . .      Spirit   .   b - +0 swamp dragon scales
rPois   +          Reflect  .   (helmet restricted)
rElec   .          Harm     .   k - +0 cloak
rCorr   .          Rampage  .   (gloves unavailable)
Will    .....      NoTele   +   (boots unavailable)
Stlth   +.........              (no amulet)
HPRegen 1.16/turn               l - +3 ring of strength
MPRegen 0.13/turn               u - ring of see invisible

@: on berserk cooldown, slowed, very slow
A: large, unfitting armour, claws 3, regeneration 1, shaggy fur 1, tough skin 1
a: Renounce Religion, Berserk, Trog's Hand, Brothers in Arms


You were in the Dungeon.
You worshipped Trog.
Trog was exalted by your worship.
You visited 1 branch You collected 1931 gold pieces.
You spent 1183 gold pieces at shops.

Inventory:

Hand Weapons
 a - the +9 dire flail of Nacom (weapon) {flame, rF++ rN+}
   (Trog gifted it to you in the Dungeon)

   It burns those it strikes, dealing additional fire damage.
   rF:        It greatly protects you from fire.
   rN:        It protects you from negative energy.
 q - a +10 antimagic giant spiked club
Missiles
 h - 2 throwing nets (quivered)
Armour
 b - +0 swamp dragon scales (worn)
 k - a +0 cloak (worn)
Jewellery
 l - a +3 ring of strength (left claw)
 u - a ring of see invisible (right claw)
 v - a ring of protection from fire
 w - a ring of protection from fire
 x - a ring of poison resistance
Wands
 j - a wand of iceblast (4)
Scrolls
 i - 6 scrolls of identify
 o - 8 scrolls of enchant weapon
Potions
 c - 8 potions of curing
 d - 7 potions of heal wounds
 e - a potion of haste
 f - 4 potions of magic
 g - 4 potions of berserk rage
 r - 4 potions of resistance
 s - 2 potions of attraction


   Skills:
 + Level 18.0 Fighting
 + Level 20.5 Maces & Flails
 + Level 10.0 Armour
 + Level 14.7 Dodging
 - Level 3.5 Stealth
 + Level 4.9 Evocations


You had 12 spell levels left.
You didn't know any spells.
Your spell library was empty.

Dungeon Overview and Level Annotations

Branches:
Dungeon (1/1)

Altars:
Cheibriados
Dithmenos
Elyvilon
Fedhas
Gozag
Hepliaklqana
Kikubaaqudgha
Makhleb
Nemelex Xobeh
Okawaru
Qazlal
Ru
Sif Muna
Trog
Uskayaw
Vehumet
Wu Jian
Xom
Yredelemnul
Zin
The Shining One
Beogh
Jiyva
Lugonu

Shops:
D :!*!


Innate Abilities, Weirdness & Mutations

You are too large for most types of armour.
You have claws for hands.
Your natural rate of healing is unusually fast.
You are covered in fur. (AC +1)
You have tough skin. (AC +1)


Message History

The alligator tail-slaps you but does no damage.
Unknown command.
You bludgeon the alligator!! You burn the alligator.
The alligator is almost dead.
A spriggan druid comes into view.
It is wielding a +0 vorpal quarterstaff.
The alligator bites you!! The alligator tail-slaps you.
The ghost moth stares at you.
The spriggan druid shouts!
You spit the alligator like a pig!!! You burn the alligator.
You kill the alligator!
Trog accepts your kill. The ghost moth stares at you.
Your Fighting skill increases to level 18!
Your Armour skill increases to level 10!
Unknown command.
You bludgeon the ghost moth!! You burn the ghost moth!
The ghost moth is severely wounded.
A swamp drake comes into view.
The ghost moth hits you.
* * * LOW HITPOINT WARNING * * *
The ghost moth hits you!
* * * LOW HITPOINT WARNING * * *
You feel clumsy. The ghost moth barely misses you.
Unknown command.
You sock the ghost moth! You burn the ghost moth.
The ghost moth is almost dead.
The ghost moth stares at you.
You feel your power leaking away. The ghost moth hits you.
* * * LOW HITPOINT WARNING * * *
The ghost moth misses you. The ghost moth stings you!
* * * LOW HITPOINT WARNING * * *
You feel dopey.
Unknown command.
You feel much better. The ghost moth hits you!!
* * * LOW HITPOINT WARNING * * *
You feel dopey. The ghost moth hits you!
You die...

.▓.▓.▓.▓.▓.▓.▓.♣'♣
)▓.▓†▓.▓.▓.▓.▓.▓.▓
?▓.▓.▓.▓.▓.▓)▓)▓.▓
.▓.▓.▓.▓)▓.▓'▓.▓k▓
'▓.▓)▓.▓)▓.▓)▓.▓.▓
_▓.▓.▓.▓)▓.▓)▓)▓i▓
_▓.▓.▓.▓.▓.▓.▓p▓F▓
_▓.▓†▓.▓)▓.▓.▓.▓y▓
_▓.▓.▓.▓.▓.▓.▓p▓@▓
_▓.▓.▓.▓.▓.▓.▓.▓)▓
_▓.▓.▓.▓)▓.▓.▓.▓†▓
_▓.▓.▓.▓.▓.▓.▓.▓)▓
_▓.▓†▓.▓.▓.▓.▓.▓.▓
_▓.▓†▓.▓.▓.▓.▓.▓.▓
_▓.▓)▓.▓[▓.▓[▓.▓.▓
_▓.▓.▓.▓)▓.▓[▓.▓.▓
_▓.▓.▓.▓)▓.▓[▓.▓.▓


You could see a ghost moth (strong, invisible), a spriggan druid, a goliath frog
and a swamp drake.

Vanquished Creatures
  Frances (D)
  Kirke (D)
  2 very ugly things (D)
  An entropy weaver (D)
  A spark wasp (D)
  2 ettins (D)
  A great orb of eyes (D)
  A naga warrior (D)
  A hydra (D)
  Erica (D)
  4 alligators (D)
  A death yak (D)
  A deep troll earth mage (D)
  2 shock serpents (D)
  A pharaoh ant (D)
  A sea snake (D)
  A spriggan druid (D)
  A steelbarb worm (D)
  An orb spider (D)
  A flayed ghost (D)
  8 orc knights (D)
  A wizard (D)
  A deep elf pyromancer (D)
  An orc sorcerer (D)
  2 cyclopes (D)
  A wolf spider (D)
  An ugly thing (D)
  A manticore (D)
  5 black mambas (D)
  Maurice (D)
  A naga mage (D)
  A water nymph (D)
  Joseph (D)
  A cane toad (D)
  3 komodo dragons (D)
  A yaktaur (D)
  A freezing wraith (D)
  A demonic crawler (D)
  4 merfolk (D)
  2 tyrant leeches (D)
  A snapping turtle (D)
  A slime creature (D)
  3 blink frogs (D)
  A vampire (D)
  2 jumping spiders (D)
  2 shadows (D)
  A wyvern (D)
  Eustachio (D)
  A basilisk (D)
  A yak (D)
  A vampire mosquito (D)
  3 water moccasins (D)
  9 orc warriors (D)
  A centaur (D)
  7 bullfrogs (D)
  A killer bee (D)
  A hound (D)
  2 orc priests (D)
  An iguana (D)
  3 orc wizards (D)
  A hell rat (D)
  9 orcs (D)
  A bat skeleton (D)
  An endoplasm (D)
  A giant cockroach simulacrum (D)
  A goblin (D)
  A kobold (D)
  2 rats (D)
124 creatures vanquished.

Vanquished Creatures (collateral kills)
  A rakshasa (D)
  A catoblepas (D)
  7 orc knights (D)
  An ugly thing (D)
  A black mamba (D)
  A water nymph (D)
  A hog (D)
  An orc warrior (D)
  A centaur (D)
  A howler monkey (D)
16 creatures vanquished.

Vanquished Creatures (others)
  A manticore (D)
  A human (D)
2 creatures vanquished.

Grand Total: 142 creatures vanquished

Notes
Turn   | Place    | Note
-------+----------+-------------------------------------------
     0 | D        | mhtbhm the Troll Berserker began the quest for the Orb.
     0 | D        | Reached XP level 1. HP: 22/22 MP: 0/0
     8 | D        | Reached skill level 3 in Maces & Flails
     9 | D        | Reached ** piety under Trog
   100 | D        | Noticed a centaur
   100 | D        | Noticed an iguana
   100 | D        | Noticed a hound
   105 | D        | Killed a hound
   106 | D        | Reached skill level 4 in Maces & Flails
   106 | D        | Reached XP level 2. HP: 32/32 MP: 1/1
   106 | D        | Reached XP level 3. HP: 39/39 MP: 2/2
   109 | D        | Reached *** piety under Trog
   116 | D        | Killed a centaur
   117 | D        | Reached skill level 5 in Fighting
   117 | D        | Reached skill level 6 in Maces & Flails
   117 | D        | Reached skill level 5 in Dodging
   117 | D        | Reached XP level 4. HP: 50/50 MP: 3/3
   117 | D        | Reached XP level 5. HP: 57/57 MP: 4/4
   129 | D        | Found a snail-covered altar of Cheibriados.
   129 | D        | Found a shadowy altar of Dithmenos.
   129 | D        | Found a white marble altar of Elyvilon.
   129 | D        | Found a blossoming altar of Fedhas.
   129 | D        | Found an opulent altar of Gozag.
   130 | D        | Found a hazy altar of Hepliaklqana.
   131 | D        | Found a viscous altar of Jiyva.
   132 | D        | Found an ancient bone altar of Kikubaaqudgha.
   133 | D        | Found a corrupted altar of Lugonu.
   134 | D        | Found a burning altar of Makhleb.
   135 | D        | Found a sparkling altar of Nemelex Xobeh.
   136 | D        | Found an iron altar of Okawaru.
   137 | D        | Found a stormy altar of Qazlal.
   138 | D        | Found a sacrificial altar of Ru.
   139 | D        | Found a shimmering blue altar of Sif Muna.
   140 | D        | Found a bloodstained altar of Trog.
   141 | D        | Found a hide-covered altar of Uskayaw.
   142 | D        | Found a radiant altar of Vehumet.
   143 | D        | Found an ornate altar of the Wu Jian Council.
   144 | D        | Found a shimmering altar of Xom.
   145 | D        | Found a basalt altar of Yredelemnul.
   146 | D        | Found a glowing silver altar of Zin.
   147 | D        | Found a glowing golden altar of the Shining One.
   282 | D        | Noticed an orc warrior
   282 | D        | Noticed a centaur
   282 | D        | Noticed a shadow
   282 | D        | Noticed a shadow
   282 | D        | Noticed a vampire
   294 | D        | Killed a vampire
   294 | D        | Reached **** piety under Trog
   295 | D        | Reached skill level 7 in Maces & Flails
   295 | D        | Reached XP level 6. HP: 68/68 MP: 5/5
   296 | D        | Killed a shadow
   297 | D        | Reached skill level 8 in Maces & Flails
   305 | D        | Killed a shadow
   306 | D        | Reached skill level 9 in Maces & Flails
   306 | D        | Reached XP level 7. HP: 39/80 MP: 6/6
   441 | D        | Noticed a brown ugly thing
   441 | D        | Noticed a catoblepas
   441 | D        | Noticed a manticore
   441 | D        | Noticed a slime creature
   441 | D        | Noticed a brown ugly thing
   453 | D        | Killed a brown ugly thing
   454 | D        | Reached skill level 10 in Maces & Flails
   454 | D        | Reached skill level 1 in Stealth
   454 | D        | Reached XP level 8. HP: 26/92 MP: 7/7
   530 | D        | Killed a slime creature
   530 | D        | Reached ***** piety under Trog
   531 | D        | Reached skill level 11 in Maces & Flails
   533 | D        | Killed a manticore
   555 | D        | Killed a catoblepas
   556 | D        | Reached skill level 10 in Fighting
   556 | D        | Reached skill level 12 in Maces & Flails
   556 | D        | Reached XP level 9. HP: 29/101 MP: 8/8
   556 | D        | Killed a brown ugly thing
   557 | D        | Reached skill level 13 in Maces & Flails
   740 | D        | Noticed a black mamba
   741 | D        | Received a gift from Trog
   745 | D        | Noticed a komodo dragon
   746 | D        | Reached skill level 10 in Dodging
   751 | D        | Killed a black mamba
   762 | D        | Killed a komodo dragon
   763 | D        | Reached skill level 14 in Maces & Flails
   763 | D        | Reached XP level 10. HP: 114/114 MP: 9/9
   806 | D        | Noticed a death yak
   813 | D        | Noticed a cane toad
   814 | D        | Received a gift from Trog
   823 | D        | Killed a death yak
   827 | D        | Reached ****** piety under Trog
   830 | D        | Reached skill level 15 in Maces & Flails
   838 | D        | Killed a cane toad
   907 | D        | Received a gift from Trog
   933 | D        | Reached skill level 16 in Maces & Flails
  1074 | D        | Received a gift from Trog
  1101 | D        | Received a gift from Trog
  1264 | D        | Noticed an orc sorcerer
  1269 | D        | Noticed an orc knight
  1282 | D        | Noticed an orc knight
  1284 | D        | Reached XP level 11. HP: 124/124 MP: 10/10
  1288 | D        | Killed an orc sorcerer
  1288 | D        | Identified the +9 dire flail of Nacom {flame, rF++ rN+}
                  | (Trog gifted it to you in the Dungeon)
  1288 | D        | Received a gift from Trog
  1437 | D        | Killed an orc knight
  1515 | D        | Killed an orc knight
  1516 | D        | Reached skill level 17 in Maces & Flails
  1638 | D        | Found Neomaj's Distillery.
  1638 | D        | Noticed an orc knight
  1638 | D        | Noticed an orc knight
  1638 | D        | Noticed an orc knight
  1638 | D        | Noticed an orc knight
  1638 | D        | Noticed an orc knight
  1639 | D        | Noticed an orc knight
  1645 | D        | Killed an orc knight
  1646 | D        | Noticed an orc knight
  1648 | D        | Killed an orc knight
  1649 | D        | Found Ociczodgha's General Store.
  1649 | D        | Noticed an orc knight
  1655 | D        | Killed an orc knight
  1655 | D        | Received a gift from Trog
  1656 | D        | Noticed an orc knight
  1665 | D        | HP: 2/127 [orc knight/bolt (20)]
  1672 | D        | Killed an orc knight
  1674 | D        | Killed an orc knight
  1675 | D        | Killed an orc knight
  1676 | D        | Killed an orc knight
  1677 | D        | Reached skill level 18 in Maces & Flails
  1678 | D        | Killed an orc knight
  1680 | D        | Killed an orc knight
  1680 | D        | Noticed an orc knight
  1682 | D        | Killed an orc knight
  1689 | D        | Noticed an orc knight
  1701 | D        | Killed an orc knight
  1701 | D        | Received a gift from Trog
  1737 | D        | Noticed an orc knight
  1745 | D        | Killed an orc knight
  1862 | D        | Found Vaynk's Distillery.
  1866 | D        | Found Dijug's Book Shop.
  1872 | D        | Noticed an orc knight
  1884 | D        | Killed an orc knight
  1916 | D        | Bought a potion of curing for 42 gold pieces
  1916 | D        | Bought a potion of haste for 140 gold pieces
  1916 | D        | Bought a potion of heal wounds for 70 gold pieces
  1916 | D        | Bought a potion of resistance for 140 gold pieces
  1916 | D        | Bought a potion of heal wounds for 70 gold pieces
  1916 | D        | Bought 2 potions of berserk rage for 140 gold pieces
  1916 | D        | Bought a potion of curing for 42 gold pieces
  1918 | D        | Bought a scroll of identify for 26 gold pieces
  1920 | D        | Bought a potion of resistance for 110 gold pieces
  1920 | D        | Bought 2 potions of attraction for 66 gold pieces
  1920 | D        | Bought a potion of berserk rage for 55 gold pieces
  1920 | D        | Bought a potion of resistance for 110 gold pieces
  1920 | D        | Bought a potion of heal wounds for 55 gold pieces
  1926 | D        | Bought a scroll of identify for 26 gold pieces
  1926 | D        | Bought a scroll of identify for 26 gold pieces
  1926 | D        | Bought a wand of iceblast (1) for 65 gold pieces
  1948 | D        | Noticed Joseph
  1959 | D        | Killed Joseph
  1997 | D        | Noticed Maurice
  2005 | D        | Killed Maurice
  2006 | D        | Reached XP level 12. HP: 140/140 MP: 11/11
  2141 | D        | Noticed a rakshasa
  2147 | D        | Reached skill level 15 in Fighting
  2166 | D        | Received a gift from Trog
  2166 | D        | Noticed a deep troll earth mage
  2171 | D        | Killed a rakshasa
  2172 | D        | Reached skill level 19 in Maces & Flails
  2172 | D        | Reached skill level 1 in Armour
  2175 | D        | Received a gift from Trog
  2487 | D        | Killed a deep troll earth mage
  2506 | D        | Noticed an ettin
  2515 | D        | Killed an ettin
  2663 | D        | Noticed a great orb of eyes
  2667 | D        | Noticed an ettin
  2669 | D        | Killed a great orb of eyes
  2708 | D        | Killed an ettin
  2709 | D        | Reached skill level 1 in Evocations
  2803 | D        | Noticed a cyan very ugly thing
  2809 | D        | Noticed a cyan very ugly thing
  2812 | D        | Killed a cyan very ugly thing
  2823 | D        | Killed a cyan very ugly thing
  3181 | D        | Noticed Frances
  3198 | D        | Killed Frances
  3198 | D        | Received a gift from Trog
  3420 | D        | Noticed Erica
  3427 | D        | Killed Erica
  3428 | D        | Reached skill level 5 in Armour
  3435 | D        | Noticed Kirke
  3447 | D        | Noticed a sphinx
  3457 | D        | Killed Kirke
  3457 | D        | Received a gift from Trog
  3522 | D        | Noticed Eustachio
  3527 | D        | Killed Eustachio
  3580 | D        | Received a gift from Trog
  3581 | D        | Reached XP level 13. HP: 29/154 MP: 12/12
  3931 | D        | Received a gift from Trog
  3948 | D        | HP: 2/156 [something (10)]
  3949 | D        | Reached skill level 20 in Maces & Flails
  4061 | D        | Noticed an entropy weaver
  4061 | D        | Noticed a spark wasp
  4068 | D        | Killed a spark wasp
  4068 | D        | Received a gift from Trog
  4075 | D        | Killed an entropy weaver
  4086 | D        | Received a gift from Trog
  4306 | D        | Noticed a ghost moth
  4310 | D        | Received a gift from Trog
  4316 | D        | Reached skill level 10 in Armour
  4318 | D        | Mangled by a ghost moth

Illustrated notes

Levels and vault maps discovered:
D:        linesprint [early_d, line_temple, items_1, d_10, items_2, lair_1,
          lair_end, items_3, orc_1, orc_end, items_4, d_15, swamp_1, shoals_1,
          snake_1, spider_1, d_20, vaults_1, items_5, swamp_end, shoals_end,
          snake_end, spider_end, vaults_end, d_27, items_6, zot_1, zot_end,
          crypt_end, forest_end, elf_end, slime_end, tomb_end, abyss_end,
          pan_hell_end]

Skill      XL: |  1  2  3  4  5  6  7  8  9 10 11 12 13 |
---------------+----------------------------------------+-----
Maces & Flails | 4 6 7 9 10 12 14 16 18 19 20 | 20.5
Fighting       | 3 5 6 8 9 10 11 12 14 16 18 | 18.0
Dodging        | 3 5 6 7 8 9 10 11 12 13 14 | 14.7
Stealth        | 1 2 3 |  3.5
Armour         | 6 10 | 10.0
Evocations     | 4 |  4.9

Action                   |  1- 3 |  4- 6 |  7- 9 | 10-12 | 13-15 || total
-------------------------+-------+-------+-------+-------+-------++-------
Melee: Mace              |    23 |     1 |       |       |       ||    24
       Dire flail        |       |    22 |    50 |   295 |    96 ||   463
Invok: Berserk           |     1 |     1 |     3 |    12 |     3 ||    20
       Brothers in Arms  |       |       |     2 |     4 |     2 ||     8
       Trog's Hand       |       |       |       |     1 |       ||     1
Evoke: Wand              |       |       |       |    22 |     1 ||    23
  Use: Potion            |       |       |     1 |     5 |     3 ||     9
       Scroll            |       |       |     1 |     3 |     3 ||     7
 Stab: Invisible         |       |       |     3 |       |       ||     3
       Sleeping          |       |       |       |     1 |       ||     1
Armor: Animal skin       |    10 |     5 |    10 |    16 |       ||    41
       Swamp dragon scal |       |       |       |    11 |    25 ||    36
Dodge: Dodged            |    11 |     6 |    12 |    77 |    42 ||   148

Table legend: (Time is in decaauts)
 A = Elapsed time spent in this place.
 B = Non-inter-level travel time spent in this place.
 C = Inter-level travel time spent in this place.
 D = Time resting spent in this place.
 E = Time spent auto-exploring this place.
 F = Levels seen in this place.
 G = Mean time per level.
                   A        B        C        D        E       F      G
               +--------+--------+--------+--------+--------+-----+--------+
         Total |   4258 |   4258 |      0 |   1995 |    866 |   1 | 4258.0 |
       Dungeon |   4258 |   4258 |      0 |   1995 |    866 |   1 | 4258.0 |
               +--------+--------+--------+--------+--------+-----+--------+

Top non-repeatable levels by time:
       D: 4258 daAuts
